[Event "Titled Tuesday Blitz January 03 Late 2023"]
[White "Hernandez Bonilla, Amelia"]
[Black "Fernandez Garcia, Gumersindo"]
[WhiteFideId "3900193"]
[BlackFideId "24516740"]
[WhiteElo "1960"]
[BlackElo "2160"]
[Result "0-1"]
[Round "02"]
[TimeControl "180+2"]
[Date "2023.01.03"]
[WhiteClock "0:00:09"]
[BlackClock "0:01:01"]

1. d4 Nf6 2. Nf3 g6 3. c4 Bg7 4. g3 O-O 5. Bg2 d6 6. O-O Nbd7 7. Nc3 e5 8. b3 Re8 9. Bb2 c6 10. Re1 Qc7 11. e3 a5 12. Rc1 h6 13. a3 Nf8 14. b4 axb4 15. axb4 Be6 16. d5 Bg4 17. e4 N6d7 18. dxc6 bxc6 19. h3 Be6 20. Bf1 f5 21. b5 Nc5 22. bxc6 Qxc6 23. exf5 gxf5 24. Bg2 Qb7 25. Ba1 Qf7 26. Nd5 Bxd5 27. Qxd5 Qxd5 28. cxd5 Nd3 29. Red1 Nxc1 30. Rxc1 Rec8 31. Rd1 Nd7 32. Nh4 f4 33. Nf5 Bf8 34. h4 fxg3 35. fxg3 Nc5 36. Bh3 Nb3 37. Bb2 Rc2 38. Rb1 Nd2 39. Rf1 Rxb2 40. Ne3 Nxf1 0-1


[Site "https://www.chess.com"]

[Event "Titled Tuesday Blitz January 03 Late 2023"]
[White "Goncalves, Davi Sulzbacher"]
[Black "Smith, Garrett L"]
[WhiteFideId "2154510"]
[BlackFideId "2024829"]
[WhiteElo "2282"]
[BlackElo "2047"]
[Result "1-0"]
[Round "02"]
[TimeControl "180+2"]
[Date "2023.01.03"]
[WhiteClock "0:00:15"]
[BlackClock "0:00:29"]

1. Nf3 c5 2. g3 Nc6 3. Bg2 e5 4. c4 Nf6 5. Nc3 d6 6. O-O Be6 7. d3 h6 8. Ne1 Be7 9. Nd5 O-O 10. Nc2 Bxd5 11. cxd5 Nd4 12. e3 Nxc2 13. Qxc2 b5 14. a4 a6 15. Bd2 Qb6 16. b4 cxb4 17. a5 Qb7 18. Qb3 Nd7 19. Bxb4 Rfc8 20. Rfc1 Rxc1+ 21. Rxc1 Rc8 22. Rc6 Nb8 23. Bxd6 Bxd6 24. Rxd6 Rc1+ 25. Bf1 Qc7 26. Qa3 Nd7 27. Rxd7 Rxf1+ 28. Kxf1 Qxd7 29. Qc5 Qh3+ 30. Kg1 Qg4 31. d6 Qd1+ 32. Kg2 Qxd3 33. Qc6 Kh7 34. d7 e4 35. Qc8 1-0


[Site "https://www.chess.com"]

[Event "Titled Tuesday Blitz January 03 Late 2023"]
[White "Yeritsyan, Hayk"]
[Black "Lopez Perdomo, Juan David"]
[WhiteFideId "13307320"]
[BlackFideId "4405137"]
[WhiteElo "2241"]
[BlackElo "2029"]
[Result "1-0"]
[Round "02"]
[TimeControl "180+2"]
[Date "2023.01.03"]
[WhiteClock "0:00:39"]
[BlackClock "0:00:38"]

1. d4 e6 2. Nf3 d5 3. e3 Nf6 4. Bd3 Be7 5. Ne5 O-O 6. Nd2 b6 7. f4 Bb7 8. Qf3 Nbd7 9. O-O c5 10. c3 Re8 11. g4 Nf8 12. g5 N6d7 13. Qh5 Ng6 14. h4 a5 15. Rf2 Qc7 16. Qg4 Ba6 17. Bc2 Ngxe5 18. fxe5 Nf8 19. Qh5 Bd8 20. Nf1 Bxf1 21. Rxf1 Ng6 22. Qg4 cxd4 23. exd4 b5 24. h5 Ne7 25. g6 hxg6 26. hxg6 Nxg6 27. Rxf7 Qxf7 28. Bxg6 Qe7 29. Qh5 Qd7 30. Qh7+ Kf8 31. Qh8+ Ke7 32. Qxg7# 1-0


[Site "https://www.chess.com"]

[Event "Titled Tuesday Blitz January 03 Late 2023"]
[White "Souza, Gustavo Horokoski De"]
[Black "Pein, Jonathan"]
[WhiteFideId "2146584"]
[BlackFideId "417092"]
[WhiteElo "1943"]
[BlackElo "2265"]
[Result "0-1"]
[Round "02"]
[TimeControl "180+2"]
[Date "2023.01.03"]
[WhiteClock "0:00:02"]
[BlackClock "0:00:18"]

1. d4 d5 2. c4 e6 3. Nc3 Nf6 4. cxd5 Nxd5 5. e4 Nxc3 6. bxc3 c5 7. Nf3 cxd4 8. cxd4 Bb4+ 9. Bd2 Bxd2+ 10. Qxd2 O-O 11. Bc4 a6 12. O-O b5 13. Bb3 Bb7 14. Qf4 Nc6 15. d5 exd5 16. Bxd5 Na5 17. Rfd1 Qb6 18. Ne5 Bxd5 19. Nd7 Qb7 20. Rxd5 Rfe8 21. Qg4 Re6 22. Rad1 Rae8 23. h4 Nc4 24. Rg5 Rg6 25. h5 Rxg5 26. Qxg5 Qc6 27. g4 h6 28. Qf4 Qxe4 29. Qxe4 Rxe4 30. Nc5 Rxg4+ 31. Kf1 a5 0-1


[Site "https://www.chess.com"]

[Event "Titled Tuesday Blitz January 03 Late 2023"]
[White "Nissinen, Niilo Man"]
[Black "Manukian, Artak"]
[WhiteFideId "30950767"]
[BlackFideId "13301373"]
[WhiteElo "1958"]
[BlackElo "2196"]
[Result "1-0"]
[Round "02"]
[TimeControl "180+2"]
[Date "2023.01.03"]
[WhiteClock "0:00:03"]
[BlackClock "0:00:10"]

1. e4 c6 2. d4 d5 3. Nc3 dxe4 4. Nxe4 Nf6 5. Nxf6+ exf6 6. c3 Bd6 7. Bd3 Na6 8. Qc2 Nc7 9. Ne2 Nd5 10. O-O h5 11. a3 b5 12. c4 bxc4 13. Bxc4 g6 14. Bxd5 cxd5 15. Qc6+ Qd7 16. Qxa8 O-O 17. Nc3 Rd8 18. Qxd5 Bb7 19. Qb5 Qc7 20. h3 Qc8 21. Be3 Ba6 22. Qa5 Bxf1 23. Rxf1 Rd7 24. Ne4 Be7 25. Rc1 Qb8 26. Qc3 Kg7 27. b4 Qe8 28. Nc5 Rd5 29. Qc4 Qa8 30. Na6 Rd7 31. Rd1 Bd6 32. d5 Qe8 33. Bd4 Re7 34. Qc3 Kh7 35. Nc5 f5 36. a4 Re2 37. Be3 f4 38. Qd3 f3 39. g3 Bxg3 40. fxg3 Rg2+ 41. Kf1 Qc8 42. g4 hxg4 43. hxg4 Qxg4 44. Ne4 Qh3 45. Nf2 Qh2 46. Ke1 Qg1+ 47. Qf1 Rxf2 48. Qxg1 Re2+ 49. Kf1 Rc2 50. Qh1+ Kg7 51. Qxf3 f6 52. Bd4 Rc4 53. Qxf6+ Kh6 54. Qh4# 1-0


[Site "https://www.chess.com"]

[Event "Titled Tuesday Blitz January 03 Late 2023"]
[White "Przybylski, Wojciech"]
[Black "Harish, Neeraj"]
[WhiteFideId "1117599"]
[BlackFideId "30958130"]
[WhiteElo "2321"]
[BlackElo "2232"]
[Result "1-0"]
[Round "02"]
[TimeControl "180+2"]
[Date "2023.01.03"]
[WhiteClock "0:00:36"]
[BlackClock "0:00:03"]

1. e4 c5 2. Nf3 Nc6 3. d4 cxd4 4. Nxd4 Nf6 5. Nc3 e5 6. Ndb5 d6 7. Bg5 a6 8. Na3 b5 9. Nd5 Be7 10. Bxf6 Bxf6 11. c3 Rb8 12. Nc2 O-O 13. g3 Be6 14. Bg2 Bg5 15. O-O Ne7 16. Ncb4 Bxd5 17. Nxd5 Rc8 18. a4 bxa4 19. Rxa4 a5 20. h4 Bh6 21. Nxe7+ Qxe7 22. Rxa5 Rb8 23. Rd5 Rxb2 24. Rxd6 g6 25. Qd5 Rd2 26. Qxd2 Bxd2 27. Rxd2 Re8 28. c4 Rc8 29. Rc1 Rc5 30. Bh3 Qc7 31. Bf1 Qa5 32. Rcd1 Kg7 33. Rd7 Qb4 34. Ra7 Rc8 35. Rdd7 Rf8 36. Re7 Qc5 37. Rad7 Qc6 38. Bd3 Qc5 39. Rc7 Qd4 40. Red7 Qa1+ 41. Kg2 Qc3 42. c5 Qb3 43. c6 Kf6 44. Rd6+ Kg7 45. Rd5 Re8 46. Rb7 Rc8 47. Rxb3 Rxc6 48. Rb7 1-0


[Site "https://www.chess.com"]

[Event "Titled Tuesday Blitz January 03 Late 2023"]
[White "Wang, Alexander J"]
[Black "Wu, Brandon"]
[WhiteFideId "30955270"]
[BlackFideId "30909228"]
[WhiteElo "1815"]
[BlackElo "2123"]
[Result "1-0"]
[Round "02"]
[TimeControl "180+2"]
[Date "2023.01.03"]
[WhiteClock "0:00:10"]
[BlackClock "0:00:24"]

1. e4 c6 2. d4 d5 3. f3 Qb6 4. Nc3 dxe4 5. fxe4 e5 6. dxe5 Bc5 7. Nf3 Bf2+ 8. Ke2 Be6 9. Qd3 Nd7 10. Na4 Qb4 11. Kxf2 Qxa4 12. Be3 O-O-O 13. b3 Qa3 14. Qc3 Nh6 15. h3 Qe7 16. Bxa7 f6 17. Ba6 Nxe5 18. Nxe5 bxa6 19. Qxc6+ Qc7 20. Qxa6+ Qb7 21. Qxe6+ Kc7 22. Qe7+ Kc8 23. Qxb7+ Kxb7 24. Nd3 Kxa7 25. a4 Rhe8 26. Rhe1 f5 27. exf5 Nxf5 28. Rxe8 Rxe8 29. Re1 Rc8 30. c4 Rc7 31. Re5 Nd4 32. Ra5+ Kb6 33. Rd5 Nc2 34. c5+ Ka6 35. b4 Na3 36. Rd6+ Kb7 37. b5 Rf7+ 38. Kg1 Nc4 39. c6+ Kb6 40. Rd4 Na5 41. Kh2 g5 42. Ne5 Re7 43. Nd7+ Kc7 44. Rb4 Re2 45. b6+ Kxc6 46. Nb8+ Kb7 47. Nd7 Nc6 48. Nc5+ Kb8 49. Rb1 Re7 50. Na6+ Kb7 51. Nc5+ Kb8 52. Nd3 Na5 53. Nc5 Rf7 54. Rd1 Nc6 55. Rd6 Rf4 56. Rxc6 Rxa4 57. Rf6 Rf4 58. Rxf4 gxf4 59. Ne6 Kb7 60. Nxf4 Kxb6 61. Kg3 Kc6 62. Kg4 Kd6 63. Kg5 Ke5 64. Kh6 Kxf4 65. g4 Kg3 66. Kxh7 Kh4 67. Kg6 Kxh3 68. g5 Kh4 69. Kf6 Kh5 70. g6 Kh6 71. g7 Kh7 72. Kf7 1-0


[Site "https://www.chess.com"]

[Event "Titled Tuesday Blitz January 03 Late 2023"]
[White "Kleinman, Michael"]
[Black "Marcolino, Daniel Mattos"]
[WhiteFideId "2609479"]
[BlackFideId "2106841"]
[WhiteElo "2387"]
[BlackElo "2006"]
[Result "1-0"]
[Round "02"]
[TimeControl "180+2"]
[Date "2023.01.03"]
[WhiteClock "0:00:55"]
[BlackClock "0:00:54"]

1. Nf3 d5 2. g3 c6 3. Bg2 Nf6 4. O-O Bg4 5. b3 Nbd7 6. Bb2 e6 7. c4 Be7 8. d3 O-O 9. Nbd2 Qc7 10. a3 Rfd8 11. Rc1 dxc4 12. Rxc4 Bh5 13. b4 a6 14. Qb3 Nb6 15. Rc2 Nbd5 16. Rfc1 Rac8 17. Nc4 Bxf3 18. Bxf3 Qb8 19. e4 Nc7 20. Nb6 Nb5 21. Nxc8 Qxc8 22. Rc4 Nd7 23. a4 Nc7 24. b5 Nb8 25. e5 Qd7 26. bxc6 Nxc6 27. Qxb7 Bg5 28. Rxc6 Bxc1 29. Rxc7 1-0


[Site "https://www.chess.com"]

[Event "Titled Tuesday Blitz January 03 Late 2023"]
[White "Quinones Garcia, Santiago"]
[Black "Guevara Sanchez, Erick Marvin"]
[WhiteFideId "4408497"]
[BlackFideId "6700136"]
[WhiteElo "2248"]
[BlackElo "2073"]
[Result "1-0"]
[Round "02"]
[TimeControl "180+2"]
[Date "2023.01.03"]
[WhiteClock "0:01:27"]
[BlackClock "0:00:27"]

1. d4 Nf6 2. c4 e6 3. Nc3 Bb4 4. Qc2 b6 5. a3 Bxc3+ 6. Qxc3 O-O 7. Nf3 Bb7 8. e3 c5 9. b4 cxd4 10. Nxd4 Ne4 11. Qc2 d6 12. Bd3 f5 13. Bb2 Qe7 14. O-O Nd7 15. f3 Nef6 16. Rad1 Ne5 17. Be2 Rfc8 18. Qb3 a6 19. Rd2 Kh8 20. Rfd1 Rd8 21. a4 Rac8 22. Ra1 Rc7 23. a5 bxa5 24. Rxa5 Nc6 25. Nxc6 Rxc6 26. Ra1 Rc7 27. Rad1 Rcd7 28. Qa4 h6 29. c5 dxc5 30. Bxf6 Rxd2 31. Bxe7 Rxd1+ 32. Bxd1 Rd3 33. Bxc5 g5 34. Qe8+ Kg7 35. Qf8+ Kg6 36. Bc2 Rd2 37. Bb3 g4 38. Bxe6 gxf3 39. Qxf5+ Kg7 40. Qf7+ Kh8 41. Qg8# 1-0


[Site "https://www.chess.com"]

[Event "Titled Tuesday Blitz January 03 Late 2023"]
[White "Brozyna, Mateusz"]
[Black "Sloan, Julia Elizabeth"]
[WhiteFideId "21816140"]
[BlackFideId "2018950"]
[WhiteElo "2298"]
[BlackElo "2087"]
[Result "1-0"]
[Round "02"]
[TimeControl "180+2"]
[Date "2023.01.03"]
[WhiteClock "0:02:19"]
[BlackClock "0:02:27"]

1. e4 c5 2. Nf3 d6 3. d4 cxd4 4. Nxd4 Nf6 5. Nc3 a6 6. Bc4 Qc7 7. Bb3 e6 8. O-O Be7 9. Qf3 Nbd7 10. Qg3 Ne5 11. f4 Ng6 12. f5 exf5 13. exf5 Ne5 14. Qxg7 Rg8 15. Nd5 1-0


[Site "https://www.chess.com"]

[Event "Titled Tuesday Blitz January 03 Late 2023"]
[White "Mitrovic, Darko R"]
[Black "Gatineau, Yovann"]
[WhiteFideId "927023"]
[BlackFideId "26028999"]
[WhiteElo "2220"]
[BlackElo "2362"]
[Result "1/2-1/2"]
[Round "02"]
[TimeControl "180+2"]
[Date "2023.01.03"]
[WhiteClock "0:00:57"]
[BlackClock "0:00:56"]

1. d4 e6 2. c4 Nf6 3. Nf3 b6 4. g3 Bb7 5. Bg2 Be7 6. O-O O-O 7. Nc3 Ne4 8. Nxe4 Bxe4 9. Ne1 Bxg2 10. Nxg2 d5 11. b3 Bf6 12. Bb2 c5 13. cxd5 Qxd5 14. Nf4 Qd7 15. e3 Nc6 16. Nh5 cxd4 17. Nxf6+ gxf6 18. Qg4+ Kh8 19. Qh4 Kg7 20. Qg4+ Kh8 21. Qh4 f5 22. Qf6+ Kg8 23. Qg5+ Kh8 24. Qf6+ Kg8 25. Qg5+ Kh8 26. Qf6+ 1/2-1/2


[Site "https://www.chess.com"]

[Event "Titled Tuesday Blitz January 03 Late 2023"]
[White "Curtis, John"]
[Black "Gasparyan, David"]
[WhiteFideId "3200256"]
[BlackFideId "13311980"]
[WhiteElo "2292"]
[BlackElo "2142"]
[Result "0-1"]
[Round "02"]
[TimeControl "180+2"]
[Date "2023.01.03"]
[WhiteClock "0:00:01"]
[BlackClock "0:00:28"]

1. e4 c5 2. Nf3 g6 3. d4 cxd4 4. Nxd4 Bg7 5. Bc4 Nc6 6. Ne2 Nf6 7. Nbc3 O-O 8. O-O d6 9. f3 Qb6+ 10. Kh1 Bd7 11. Nd5 Nxd5 12. Bxd5 Rac8 13. c3 Ne5 14. Bb3 Bb5 15. Bc2 Nc4 16. Nd4 Ba6 17. Bb3 Ne5 18. Re1 Nd3 19. Re2 Nxc1 20. Rxc1 Bxe2 21. Nxe2 Qe3 22. Qf1 b5 23. Rd1 Qb6 24. Nf4 e6 25. Qd3 Rfd8 26. g3 a5 27. a3 b4 28. axb4 axb4 29. Nxe6 fxe6 30. Bxe6+ Kh8 31. Bxc8 Rxc8 32. Qxd6 Qf2 33. Qd3 bxc3 34. bxc3 h6 35. e5 Bxe5 36. Rf1 Qb6 37. Qd7 Rd8 38. Qf7 Bxc3 39. Kg2 Bg7 40. Rf2 Rf8 0-1


[Site "https://www.chess.com"]

[Event "Titled Tuesday Blitz January 03 Late 2023"]
[White "Aung Thant Zin"]
[Black "Pesotskiy, Mikhail"]
[WhiteFideId "13000063"]
[BlackFideId "34164453"]
[WhiteElo "2268"]
[BlackElo "2153"]
[Result "0-1"]
[Round "02"]
[TimeControl "180+2"]
[Date "2023.01.03"]
[WhiteClock "0:00:04"]
[BlackClock "0:00:14"]

1. e4 e6 2. d4 d5 3. Nc3 Nc6 4. Nf3 Nf6 5. Bg5 Be7 6. Bxf6 Bxf6 7. e5 Be7 8. a3 f6 9. Bb5 Bd7 10. Bxc6 Bxc6 11. Qe2 f5 12. O-O O-O 13. Qd3 Qd7 14. Ne2 Bb5 15. Qd2 c5 16. c3 Rac8 17. Rac1 Rc7 18. Rfe1 Bxe2 19. Qxe2 Rfc8 20. h3 b5 21. dxc5 Bxc5 22. Rcd1 a5 23. Qd2 Be7 24. Nd4 Rc4 25. Nc2 b4 26. axb4 axb4 27. Nxb4 Bxb4 28. cxb4 Rc2 29. Qd4 R8c4 30. Qb6 Rxb2 31. Qb8+ Qc8 32. Qd6 Rbxb4 33. Ra1 Rb7 34. Ra6 Kf7 35. Rea1 Qd7 0-1


[Site "https://www.chess.com"]

[Event "Titled Tuesday Blitz January 03 Late 2023"]
[White "Graif, William"]
[Black "Eisa Mohmood, Alkhoori"]
[WhiteFideId "2609835"]
[BlackFideId "9316116"]
[WhiteElo "2304"]
[BlackElo "1095"]
[Result "1/2-1/2"]
[Round "02"]
[TimeControl "180+2"]
[Date "2023.01.03"]
[WhiteClock "0:00:08"]
[BlackClock "0:00:08"]

1. e4 c5 2. Nc3 Nc6 3. Bb5 Nd4 4. Nf3 Nxb5 5. Nxb5 a6 6. Nc3 e6 7. d4 cxd4 8. Qxd4 d6 9. Bg5 Nf6 10. O-O-O h6 11. Bf4 Be7 12. Bxd6 O-O 13. Bxe7 Qxe7 14. e5 Nd5 15. Nxd5 exd5 16. Qxd5 Bf5 17. Qd6 Qe8 18. Nd4 Rd8 19. Nxf5 Rxd6 20. exd6 Qe4 21. d7 Rd8 22. Rhe1 Qxf5 23. Re8+ Kh7 24. Rxd8 Qg5+ 25. f4 Qxd8 26. c4 Kg6 27. b4 Kf6 28. c5 Ke6 29. a4 g5 30. g3 f6 31. b5 axb5 32. axb5 f5 33. Rd6+ Ke7 34. Kc2 b6 35. Rd5 bxc5 36. b6 Ke6 37. Rd2 Qxd7 38. Rxd7 Kxd7 39. fxg5 hxg5 40. h4 f4 41. b7 Kc7 42. b8=Q+ Kxb8 43. h5 fxg3 44. h6 g2 45. h7 g1=Q 46. h8=Q+ Kb7 47. Qg7+ Kc6 48. Qf6+ Kd5 49. Qf5+ Kc6 50. Qe6+ Kb5 51. Qb3+ Ka5 52. Qa3+ Kb6 53. Qb3+ Kc7 54. Qf7+ Kd6 55. Qf6+ Kd7 56. Qf7+ Kd6 57. Qf6+ Kc7 58. Qe7+ Kb6 59. Qe6+ Ka5 60. Qa2+ Kb5 61. Qb3+ Kc6 62. Qe6+ Kc7 63. Qe7+ Kc8 64. Qe8+ Kb7 65. Qe7+ Kc6 66. Qe6+ 1/2-1/2


[Site "https://www.chess.com"]

[Event "Titled Tuesday Blitz January 03 Late 2023"]
[White "Ansh M Shah"]
[Black "Calcada, Lucas Galvan"]
[WhiteFideId "25033379"]
[BlackFideId "22746099"]
[WhiteElo "2171"]
[BlackElo "1739"]
[Result "1-0"]
[Round "02"]
[TimeControl "180+2"]
[Date "2023.01.03"]
[WhiteClock "0:00:06"]
[BlackClock "0:00:18"]

1. d4 Nf6 2. c4 g6 3. h4 h5 4. Nc3 d6 5. e4 Bg7 6. Be2 c5 7. d5 e6 8. Nf3 exd5 9. exd5 O-O 10. Bf4 a6 11. a4 Qc7 12. O-O Bg4 13. Ng5 Bxe2 14. Qxe2 Ng4 15. Rfe1 Ne5 16. Nce4 Nbd7 17. Nf3 Rae8 18. Nxe5 Nxe5 19. Qc2 Qd7 20. Re2 Rb8 21. Rae1 b5 22. axb5 axb5 23. cxb5 Rfe8 24. Nxc5 dxc5 25. Bxe5 Bxe5 26. Rxe5 Rxe5 27. Rxe5 Rxb5 28. Qe2 Rb4 29. Re8+ Kh7 30. Re7 Qf5 31. d6 Qb1+ 32. Qe1 Qxe1+ 33. Rxe1 Rd4 34. Rc1 Rxd6 35. Rxc5 Rd1+ 36. Kh2 Rd2 37. Rb5 Rxf2 38. Rb7 Kg7 39. Kg3 Rxb2 40. Rxb2 1-0


[Site "https://www.chess.com"]

[Event "Titled Tuesday Blitz January 03 Late 2023"]
[White "AKINSEYE, Akinleye"]
[Black "Tymrakiewicz, Rafal"]
[WhiteFideId "8504458"]
[BlackFideId "1108832"]
[WhiteElo "1797"]
[BlackElo "2144"]
[Result "0-1"]
[Round "02"]
[TimeControl "180+2"]
[Date "2023.01.03"]
[WhiteClock "0:00:12"]
[BlackClock "0:00:19"]

1. e4 Nf6 2. Nc3 d5 3. exd5 Nxd5 4. Nxd5 Qxd5 5. c3 e5 6. Ne2 Nc6 7. Qb3 Qxb3 8. axb3 Be6 9. b4 Be7 10. Ng3 O-O 11. Be2 a5 12. bxa5 Rxa5 13. Rxa5 Nxa5 14. O-O Nb3 15. d3 f5 16. Re1 Bd6 17. Nf1 Ra8 18. Nd2 Nxc1 19. Rxc1 Ra2 20. Rb1 b5 21. d4 exd4 22. cxd4 c6 23. Bf3 Bd7 24. d5 c5 25. Nb3 Kf7 26. Nc1 Ra7 27. Nd3 c4 28. Ne1 b4 29. Rc1 Rc7 30. Be2 c3 31. bxc3 bxc3 32. Bd3 Ba3 33. Rc2 Bb2 34. Nf3 Ba4 35. d6 Ra7 36. Re2 Ba3 37. Bxf5 Bxd6 38. g3 Bc6 39. Ne1 Ra1 40. f4 Bc5+ 41. Kf1 Bb5 42. Bd3 Bxd3 0-1


[Site "https://www.chess.com"]

[Event "Titled Tuesday Blitz January 03 Late 2023"]
[White "Mazurkiewicz, Michal"]
[Black "Dias, Joao Batista"]
[WhiteFideId "1124943"]
[BlackFideId "2108240"]
[WhiteElo "2145"]
[BlackElo "1796"]
[Result "1-0"]
[Round "02"]
[TimeControl "180+2"]
[Date "2023.01.03"]
[WhiteClock "0:02:37"]
[BlackClock "0:02:21"]

1. e4 e5 2. Nf3 Nc6 3. Bb5 Nf6 4. O-O d6 5. d4 exd4 6. Nxd4 Bd7 7. Bxc6 bxc6 8. Qf3 Be7 9. e5 dxe5 10. Nxc6 Bxc6 11. Qxc6+ Kf8 12. Nc3 h5 13. Rd1 Qc8 14. Bg5 h4 15. h3 Rh5 16. Bxf6 Bxf6 17. Rd7 Rb8 18. Rad1 Qb7 19. Rd8+ 1-0


[Site "https://www.chess.com"]

[Event "Titled Tuesday Blitz January 03 Late 2023"]
[White "Vargas, Mauricio"]
[Black "Strahov, Andrej"]
[WhiteFideId "4404572"]
[BlackFideId "4165489"]
[WhiteElo "2035"]
[BlackElo "2398"]
[Result "0-1"]
[Round "02"]
[TimeControl "180+2"]
[Date "2023.01.03"]
[WhiteClock "0:00:02"]
[BlackClock "0:00:46"]

1. e4 e5 2. g3 d5 3. Bg2 dxe4 4. Bxe4 Nf6 5. Bg2 Bc5 6. h3 O-O 7. d3 Nc6 8. Nc3 Bf5 9. Nf3 Qd7 10. g4 Bg6 11. Qe2 Rfe8 12. Be3 Nd4 13. Nxd4 exd4 14. O-O dxe3 15. f4 Bf5 16. gxf5 Qxf5 17. Rae1 Nh5 18. Kh2 Nxf4 19. Qf3 Bd6 20. Kh1 Qg6 21. Rg1 Nh5 22. Ne4 Rxe4 23. dxe4 Ng3+ 24. Kh2 Nxe4+ 25. Kh1 Nf2+ 26. Qxf2 exf2 0-1


[Site "https://www.chess.com"]

[Event "Titled Tuesday Blitz January 03 Late 2023"]
[White "Vargas Pereda, Jesus Manue"]
[Black "Davtyan, David Arm."]
[WhiteFideId "5115710"]
[BlackFideId "13310046"]
[WhiteElo "1851"]
[BlackElo "2344"]
[Result "0-1"]
[Round "02"]
[TimeControl "180+2"]
[Date "2023.01.03"]
[WhiteClock "0:00:57"]
[BlackClock "0:00:44"]

1. d4 d5 2. Nf3 Nf6 3. Bf4 c5 4. e3 Nc6 5. Bd3 c4 6. Be2 Bf5 7. c3 e6 8. b3 b5 9. a4 a6 10. Nbd2 b4 11. bxc4 bxc3 12. Nb3 c2 13. Qc1 Bb4+ 14. Nfd2 dxc4 15. Bxc4 Na5 16. O-O Nxc4 17. Nxc4 Bd3 18. Ne5 Bxf1 19. Qxf1 Qd5 20. Qd3 Rc8 21. Rc1 Qe4 22. Qxa6 O-O 23. f3 Qd5 24. Qd3 Rc3 25. Qb5 Qxb3 26. Bg5 Bd6 27. Bxf6 Qxb5 28. axb5 gxf6 0-1


[Site "https://www.chess.com"]

[Event "Titled Tuesday Blitz January 03 Late 2023"]
[White "benny_aizenberg"]
[Black "Lutz, Igor Oscar"]
[BlackFideId "2110806"]
[WhiteElo "2507"]
[BlackElo "1969"]
[Result "1-0"]
[Round "02"]
[TimeControl "180+2"]
[Date "2023.01.03"]
[WhiteClock "0:02:18"]
[BlackClock "0:00:44"]

1. e4 c5 2. Nf3 e6 3. d4 cxd4 4. Nxd4 Nf6 5. Nc3 d6 6. Be3 Nc6 7. f4 Be7 8. Qf3 e5 9. Nxc6 bxc6 10. f5 Bb7 11. g4 h6 12. O-O-O Qa5 13. h4 Rb8 14. g5 hxg5 15. hxg5 Rxh1 16. Qxh1 Ng8 17. Qh7 Kf8 18. Bc4 d5 19. exd5 cxd5 20. Nxd5 Rd8 21. f6 Bxd5 22. Qxg7+ Ke8 23. Qxg8+ Kd7 24. Rxd5+ 1-0


[Site "https://www.chess.com"]

[Event "Titled Tuesday Blitz January 03 Late 2023"]
[White "Keller, Peter"]
[Black "Shapiro, Bryan"]
[WhiteFideId "1272105"]
[BlackFideId "2087740"]
[WhiteElo "2358"]
[BlackElo "1972"]
[Result "1-0"]
[Round "02"]
[TimeControl "180+2"]
[Date "2023.01.03"]
[WhiteClock "0:00:34"]
[BlackClock "0:00:10"]

1. e4 e5 2. Nc3 Nf6 3. g3 Bc5 4. Bg2 d6 5. Nge2 Nc6 6. Na4 h5 7. h3 h4 8. g4 Be6 9. d3 Nh7 10. O-O g5 11. c3 Bb6 12. d4 Ne7 13. Be3 Nf8 14. Bxg5 Nfg6 15. f4 exf4 16. Nxb6 axb6 17. Nxf4 Qd7 18. d5 Nxf4 19. Bxf4 Bxd5 20. exd5 O-O-O 21. a4 Ng6 22. Bh2 Ne5 23. Bxe5 dxe5 24. a5 bxa5 25. Rxa5 Kb8 26. Qd2 f5 27. Rfa1 c6 28. c4 fxg4 29. Ra8+ Kc7 30. Qa5+ Kd6 31. Rxd8 Rxd8 32. c5+ Ke7 33. d6+ Kf7 34. Rf1+ Kg7 35. Qd2 Kg6 36. Be4+ Kg7 37. Qg5+ Kh8 38. Qh6+ Kg8 39. Rf6 1-0


[Site "https://www.chess.com"]

[Event "Titled Tuesday Blitz January 03 Late 2023"]
[White "Novikov, Evgenij"]
[Black "Munoz Misselis, Nelson Carlos"]
[WhiteFideId "4125380"]
[BlackFideId "6601790"]
[WhiteElo "2276"]
[BlackElo "1730"]
[Result "1-0"]
[Round "02"]
[TimeControl "180+2"]
[Date "2023.01.03"]
[WhiteClock "0:00:24"]
[BlackClock "0:00:41"]

1. e4 d6 2. d4 Nf6 3. Nc3 e5 4. Nf3 Nbd7 5. Bc4 Be7 6. g4 g6 7. Rg1 O-O 8. Bh6 Re8 9. Bxf7+ Kxf7 10. Ng5+ Kg8 11. Ne6 Nb6 12. Nxd8 Bxd8 13. dxe5 Rxe5 14. Bf4 Re8 15. Qd3 Nxg4 16. f3 Ne5 17. Bxe5 Rxe5 18. O-O-O Be6 19. f4 Ra5 20. f5 Bf7 21. fxg6 hxg6 22. Nd5 c6 23. Nf4 g5 24. h4 Rxa2 25. hxg5 Ra1+ 26. Kd2 Rxd1+ 27. Kxd1 Nc4 28. Qc3 Ba5 29. Qf6 Ne3+ 30. Kc1 Rf8 31. Rh1 Bh5 32. Qe6+ Bf7 33. Qh6 Bc4 34. Qh7# 1-0


[Site "https://www.chess.com"]

[Event "Titled Tuesday Blitz January 03 Late 2023"]
[White "Oliveira, Tiago Batista"]
[Black "Kaplan, Avi Harrison"]
[WhiteFideId "2108291"]
[BlackFideId "30934559"]
[WhiteElo "1991"]
[BlackElo "2146"]
[Result "0-1"]
[Round "02"]
[TimeControl "180+2"]
[Date "2023.01.03"]
[WhiteClock "0:00:14"]
[BlackClock "0:01:39"]

1. d4 Nf6 2. c4 c5 3. d5 b5 4. cxb5 a6 5. bxa6 Bxa6 6. g3 d6 7. Bg2 g6 8. Nf3 Bg7 9. O-O O-O 10. Nc3 Nbd7 11. Qc2 Bc4 12. Rd1 Qb6 13. Nd2 Ba6 14. Rb1 Rfb8 15. Nde4 Nxe4 16. Bxe4 Ne5 17. b3 Bc8 18. Bg5 Kf8 19. h4 h6 20. Bf4 Ng4 21. Na4 Qa7 22. Kg2 c4 23. f3 Qf2+ 0-1


[Site "https://www.chess.com"]

[Event "Titled Tuesday Blitz January 03 Late 2023"]
[White "Della Corte, Alessandro"]
[Black "Desideri, Ricardo Maruchi"]
[WhiteFideId "813540"]
[BlackFideId "2110440"]
[WhiteElo "2160"]
[BlackElo "1959"]
[Result "1-0"]
[Round "02"]
[TimeControl "180+2"]
[Date "2023.01.03"]
[WhiteClock "0:02:19"]
[BlackClock "0:00:03"]

1. d4 Nf6 2. c4 c5 3. d5 e6 4. Nc3 exd5 5. cxd5 d6 6. e4 g6 7. h3 Bg7 8. Nf3 O-O 9. Bd3 Na6 10. O-O Nb4 11. Bb1 Re8 12. Re1 Rb8 13. Bf4 b5 14. a3 Na6 15. Qd2 Nc7 16. Bc2 a5 17. Rad1 Na8 18. e5 dxe5 19. Nxe5 Bd7 20. Nxd7 Qxd7 21. Bxb8 Rxb8 22. d6 Nb6 23. Re7 Qc6 24. Rc7 Qe8 25. Re1 1-0


[Site "https://www.chess.com"]